 Dungeon Crawl Stone Soup version 0.25-a0-1079-g858b6a6ff6 (webtiles) character file.

Game seed: 4624399925478744621, levelgen mode: deterministic

191 MalarOregon the Charlatan (level 5, -3/42 HPs)
             Began as a Draconian Artificer on May 15, 2020.
             Shot with a stone by a goblin (8 damage)
             ... on level 3 of the Dungeon.
             The game lasted 00:06:11 (4258 turns).

MalarOregon the Charlatan (Draconian Artificer)     Turns: 4258, Time: 00:06:12

Health: -3/42      AC:  5    Str: 15    XL:     5   Next: 42%
Magic:  7/7        EV: 12    Int: 11    God:
Gold:   217        SH:  0    Dex: 12    Spells: 4/4 levels left

rFire    . . .     SeeInvis .   a - +0 short sword
rCold    . . .     Gourm    .   (no shield)
rNeg     . . .     Faith    .   (armour unavailable)
rPois    .         Spirit   .   (helmet restricted)
rElec    .         Reflect  .   (no cloak)
rCorr    .         Harm     .   (no gloves)
MR       .....                  (no boots)
Stlth    ++........             (no amulet)
HPRegen  0.14/turn              (no ring)
MPRegen  0.10/turn              (no ring)

@: lethally poisoned (-3 -> -8)
A: unfitting armour, cold-blooded, AC +5
a: no special abilities


You were on level 3 of the Dungeon.
You were not hungry.

You visited 1 branch of the dungeon, and saw 3 of its levels.

You collected 217 gold pieces.

Inventory:

Hand Weapons
 a - a +0 short sword (weapon)
Missiles
 n - 6 poisoned darts (quivered)
 o - 113 stones
 u - 4 datura-tipped darts
Wands
 c - a wand of enslavement (9)
 d - a wand of random effects (10)
 t - a wand of flame (6)
Scrolls
 b - 2 scrolls of fog {unknown}
 f - 2 scrolls of enchant armour {unknown}
 g - 2 scrolls of amnesia {unknown}
 h - 2 scrolls of identify {unknown}
 i - a scroll of teleportation {unknown}
 j - 2 scrolls of enchant weapon {unknown}
 k - a scroll of random uselessness {unknown}
 p - a scroll of fear {unknown}
 s - a scroll of immolation {unknown}
 x - a scroll of noise {unknown}
Potions
 l - 2 potions of berserk rage {unknown}
 m - a potion of curing {unknown}
 q - a potion of flight {unknown}
 r - a potion of haste {unknown}
 v - a potion of mutation {unknown}
 z - a potion of resistance {unknown}
Comestibles
 e - a ration {!d}


   Skills:
 + Level 2.4 Fighting
 * Level 3.0 Short Blades
 + Level 1.1 Throwing
 + Level 2.5 Dodging
 + Level 2.0 Stealth
 + Level 3.6 Evocations


You had 4 spell levels left.
You didn't know any spells.
Your spell library was empty.

Dungeon Overview and Level Annotations

Branches:
Dungeon (3/15)

Altars:
Elyvilon
Gozag

Annotations:
D:2 1 runed translucent door, Crazy Yiuf
D:3 3 runed translucent doors, Amnesiac's ghost, weakling DEFi; Ijyb


Innate Abilities, Weirdness & Mutations

Your plain brown scales are hard. (AC +5)
You cannot fit into any form of body armour.
You are cold-blooded and may be slowed by cold attacks.


Message History

You see here a bat skeleton. x2
Eating a chunk of flesh.
You eat the chunk of flesh.
Found 2 stones.
o - 113 stones (gained 2) 2 goblins come into view.
The goblin shouts! x2
A goblin comes into view. 3 goblins and Ijyb come into view.
Ijyb is wielding a +3 dagger of venom and carrying a wand of disintegration (17).
The goblin shouts! x2; Ijyb shouts!
The goblin shouts!
The goblin unwields a +0 dagger.
The goblin wields a +0 hunting sling.
The goblin shoots a stone.
The stone closely misses you.
You see here a stone.
Unknown command.
You start waiting.
The goblin is too close now for your liking.
The goblin hits you with a +0 club.
You closely miss the goblin. The goblin barely misses you.
You miss the goblin.
Your tail-slap misses the goblin.
The goblin barely misses you.
You hit the goblin. The goblin hits you with a +0 club.
You closely miss the goblin.
Your tail-slap misses the goblin.
The goblin hits you but does no damage.
You hit the goblin.
You kill the goblin!
You hit the goblin but do no damage. The goblin barely misses you.
You hit the goblin.
You kill the goblin!
The goblin shoots a stone.
The stone closely misses you.
You hit Ijyb. You tail-slap Ijyb, but do no damage.
Ijyb screams, "Level is mine!
All mine!"
Ijyb zaps a wand.
You are blasted!
Ouch! That really hurt!
* * * LOW HITPOINT WARNING * * *
That's the wrong kind of item! (Use * to select it.)
Okay, then.
Unknown command.
Aim: Ijyb, wielding a +3 dagger of venom, wearing a +0 leather armour and carrying a wand of disintegration (16) (lightly wounded, chance to defeat MR: 65%) Ijyb struggles to resist.
Ijyb hits you but does no damage.
Aim: Ijyb, wielding a +3 dagger of venom, wearing a +0 leather armour and carrying a wand of disintegration (16) (lightly wounded, chance to defeat MR: 65%) Ijyb struggles to resist.
Ijyb hits you but does no damage.
You are lethally poisoned!
Unknown command.
Aim: Ijyb, wielding a +3 dagger of venom, wearing a +0 leather armour and carrying a wand of disintegration (16) (lightly wounded, chance to defeat MR: 65%) Ijyb is charmed.
* * * LOW HITPOINT WARNING * * *
You feel sick.
The goblin shoots a stone.
The stone closely misses Ijyb.
The stone hits you!
You die...

###.#####...#####.#
##..###...#.
...#....#.........##
#..####.###
###.###............#
#...# #.### # #.#
###.....####.# #.#.#
#.... # #.# #......#
#.# #.#.# #####
###.# #.#########.#
#.#.# ....# #. #...#
#.#.# ##### #. #.###
#.#.# # # #. #@#
#.#.####### # #. #g#
#.#.#...... ###
#####g# #รท#.#......
..# ######....g#
#.#.#...... #.#
.8.8.8.(#..#
#.#.#.<.... #.##
...gg.g.#..#
#.#........ #..#
...g....#..#
##.###...... #..#
....g...#[.# #..#
#...... #..#
........#..# #.##
#......


You could see 2 goblins and the friendly Ijyb (charmed).

Vanquished Creatures
  A crimson imp (D:1)
  7 adders
  An ooze (D:3)
  A worm (D:2)
  3 dart slugs
  3 leopard geckos
  2 giant cockroaches
  9 goblins
  11 hobgoblins
  4 jackals
  15 kobolds
  2 ball pythons
  10 bats
  4 frilled lizards
  7 rats
80 creatures vanquished.

Notes
Turn   | Place    | Note
-------+----------+-------------------------------------------
     0 | D:1      | MalarOregon the Draconian Artificer began the quest for the
                  | Orb.
     0 | D:1      | Reached XP level 1. HP: 16/16 MP: 3/3
   103 | D:1      | Reached skill level 1 in Stealth
   567 | D:1      | Reached XP level 2. HP: 23/23 MP: 4/4
  1105 | D:1      | Reached XP level 3. HP: 29/29 MP: 5/5
  2026 | D:2      | Reached XP level 4. HP: 21/36 MP: 6/6
  3227 | D:2      | Found a runed translucent door.
  3228 | D:2      | Noticed Crazy Yiuf
  3325 | D:1      | Reached XP level 5. HP: 38/42 MP: 7/7
  3454 | D:3      | Reached skill level 1 in Throwing
  3706 | D:3      | Found an opulent altar of Gozag.
  3708 | D:3      | Found a white marble altar of Elyvilon.
  3708 | D:3      | Found a runed translucent gate.
  3708 | D:3      | Found a runed translucent gate.
  3708 | D:3      | Found a runed translucent gate.
  3711 | D:3      | Noticed Amnesiac's ghost (weakling DEFi)
  4238 | D:3      | Noticed Ijyb
  4258 | D:3      | Shot with a stone by a goblin

Illustrated notes

Levels and vault maps discovered:
D:1:      dpeg_arrival_rooms_c, layout_loops_corners, palyth_stone_intersect
D:2:      layout_loops_ring, patterned_corridor, uniq_crazy_yiuf_cottage
D:3:      kennysheep_the_goblin_king, layout_loops_ring,
          grunt_temple_overflow_open, gammafunk_ghost_necromancy

Skill      XL: |  1  2  3  4  5 |
---------------+----------------+-----
Stealth        | 1 2 |  2.0
Dodging        | 2 |  2.5
Short Blades   | 2 3 |  3.0
Fighting       | 2 |  2.4
Throwing       | 1 |  1.1
Evocations     | |  3.6

Action                   |  1- 3 |  4- 6 || total
-------------------------+-------+-------++-------
Melee: Short sword       |   130 |   185 ||   315
       Tailslap          |    13 |    22 ||    35
Evoke: Wand              |    17 |     3 ||    20
 Stab: Sleeping          |     1 |     8 ||     9
  Eat: Chunk             |     2 |     5 ||     7
       Ration            |       |     1 ||     1
Armor: Skin              |    33 |    70 ||   103
Dodge: Dodged            |    96 |   116 ||   212

Table legend:
 A = Non-vault XP
 B = Vault XP
 C = Vault XP percentage of total XP
 D = Non-vault monster count
 E = Vault monster count
 F = Vault count percentage of total count
                 A         B        C        D         E       F
            +---------+---------+-------+---------+---------+-------
      Total |     271 |       3 |   1.1 |      78 |       2 |   2.5
            +---------+---------+-------+---------+---------+-------
        D:1 |     119 |       0 |   0.0 |      35 |       0 |   0.0
        D:2 |      94 |       0 |   0.0 |      23 |       0 |   0.0
        D:3 |      58 |       3 |   4.9 |      20 |       2 |   9.1
            +---------+---------+-------+---------+---------+-------
